SAA
WESTWOOD SIXSHOOTERS @ DURHAM RAPIERS
05/13/2030
 
TOP OF THE 1ST
Westwood Sixshooters batting - Pitching for Durham Rapiers : RHP Gojong Joseon
Pitching: RHP Gojong Joseon
Batting: LHB Mitchell Cusimano 0-0: SINGLE (Line Drive, 6MD)
Batting: LHB Phil Minor 0-0: Ball
1-0: Bunted foul
1-1: Bunted foul
1-2: Ball
2-2: Ball
3-2: Base on Balls
Mitchell Cusimano to second
Batting: RHB Richard Cutshall 0-0: Foul Ball, location: 2F
0-1: Ball
1-1: Ball
2-1: Called Strike
2-2: Ball
3-2: Strikes out looking
Batting: RHB Jesús Ruano 0-0: Called Strike
0-1: Ball
1-1: Ball
2-1: Ball
3-1: SINGLE (Line Drive, 7S)
Mitchell Cusimano to third
Phil Minor to second
Runner from 3rd tries for Home, SAFE, no throw
Batting: LHB José Vázquez 0-0: Foul Ball, location: 2F
0-1: Swinging Strike
0-2: Ball
1-2: Strikes out swinging
Batting: RHB Simone Catalani 0-0: Called Strike
0-1: Ball
1-1: Fly out, F7 (Flyball, 7LS)
Top of the 1st over - 1 run, 2 hits, 0 errors, 2 left on base; Westwood 1 - Durham 0
BOTTOM OF THE 1ST
Durham Rapiers batting - Pitching for Westwood Sixshooters : RHP Masaharu Sakata
Pitching: RHP Masaharu Sakata
Batting: LHB Alberto Garza 0-0: Ball
1-0: Fly out, F9 (Line Drive, 89S)
Batting: SHB Anthony Hopkins 0-0: Foul Ball, location: 2F
0-1: Foul Ball, location: 2F
0-2: Ball
1-2: Ball
2-2: Foul Ball, location: 2F
2-2: Foul Ball, location: 2F
2-2: SINGLE (Groundball, 4MD)
Batting: RHB Dave Sienna 0-0: Ball
1-0: Called Strike
1-1: Ball
2-1: Ball
3-1: 2-RUN HOME RUN (Flyball, 7D), Distance : 386 ft
Batting: RHB Armando Chamú 0-0: Called Strike
0-1: Foul Ball, location: 2F
0-2: Ball
1-2: Foul Ball, location: 2F
1-2: Fly out, F8 (Flyball, 89XD)
Batting: RHB Vincent Klein 0-0: Foul Ball, location: 2F
0-1: Ball
1-1: Ball
2-1: Ground out 6-3 (Groundball, 6)
Bottom of the 1st over - 2 runs, 2 hits, 0 errors, 0 left on base; Westwood 1 - Durham 2
TOP OF THE 2ND
Westwood Sixshooters batting - Pitching for Durham Rapiers : RHP Gojong Joseon
Batting: RHB Nick Hoskins 0-0: Ground out 6-3 (Groundball, 6)
Batting: SHB Jesús Rodríguez 0-0: Called Strike
0-1: Foul Ball, location: 2F
0-2: Ball
1-2: Strikes out swinging
Batting: SHB Manny Flores 0-0: SINGLE (Groundball, 34S) (infield hit)
Batting: LHB Mitchell Cusimano 0-0: Ball
1-0: Called Strike
1-1: Foul Ball, location: 2F
1-2: SINGLE (Groundball, 56S) (infield hit)
Manny Flores to second
Batting: LHB Phil Minor 0-0: Hit by Pitch
Manny Flores to third
Mitchell Cusimano to second
Batting: RHB Richard Cutshall 0-0: Foul Ball, location: 2F
0-1: Ball
1-1: Called Strike
1-2: Ground out U3 (Groundball, 34S)
Top of the 2nd over - 0 runs, 2 hits, 0 errors, 3 left on base; Westwood 1 - Durham 2
BOTTOM OF THE 2ND
Durham Rapiers batting - Pitching for Westwood Sixshooters : RHP Masaharu Sakata
Batting: RHB Tomás Costello 0-0: Ground out 6-3 (Groundball, 6)
Batting: RHB Raúl Moreno 0-0: Ball
1-0: Ball
2-0: Ground out 5-3 (Groundball, 56S)
Batting: RHB Yoshi Kouda 0-0: Ball
1-0: Ground out 3-1 (Groundball, 34)
Bottom of the 2nd over - 0 runs, 0 hits, 0 errors, 0 left on base; Westwood 1 - Durham 2
TOP OF THE 3RD
Westwood Sixshooters batting - Pitching for Durham Rapiers : RHP Gojong Joseon
Batting: RHB Jesús Ruano 0-0: Ball
1-0: Ball
2-0: SINGLE (Line Drive, 89S)
Batting: LHB José Vázquez 0-0: Swinging Strike
0-1: Ball
1-1: Swinging Strike
1-2: Strikes out swinging
Batting: RHB Simone Catalani 0-0: Reached on error, E6 (Groundball, 56)
Jesús Ruano to second
Batting: RHB Nick Hoskins 0-0: Ball
1-0: Ground out 3-1 (Groundball, 34S)
Jesús Ruano to third
Simone Catalani to second
Batting: SHB Jesús Rodríguez 0-0: Ball
1-0: Ball
2-0: Ball
3-0: Base on Balls
Batting: SHB Manny Flores 0-0: Foul Ball, location: 2F
0-1: Swinging Strike
0-2: Ball
1-2: Foul Ball, location: 2F
1-2: Strikes out swinging
Top of the 3rd over - 0 runs, 1 hit, 1 error, 3 left on base; Westwood 1 - Durham 2
BOTTOM OF THE 3RD
Durham Rapiers batting - Pitching for Westwood Sixshooters : RHP Masaharu Sakata
Batting: RHB Lu-fang Koo 0-0: Foul Ball, location: 2F
0-1: Ball
1-1: Ball
2-1: Foul Ball, location: 2F
2-2: Ball
3-2: SINGLE (Groundball, 6MD)
Batting: LHB Alberto Garza 0-0: Ball
1-0: Ball
2-0: Called Strike
2-1: Called Strike
2-2: Ball
Lu-fang Koo is caught stealing 2nd base
3-2: Fly out, F7 (Line Drive, 78M)
Batting: SHB Anthony Hopkins 0-0: Ball
1-0: Ball
2-0: Fly out, F7 (Flyball, 7S)
Bottom of the 3rd over - 0 runs, 1 hit, 0 errors, 0 left on base; Westwood 1 - Durham 2
TOP OF THE 4TH
Westwood Sixshooters batting - Pitching for Durham Rapiers : RHP Gojong Joseon
Batting: LHB Mitchell Cusimano 0-0: Foul Ball, location: 2F
0-1: Ball
1-1: Ball
2-1: Ball
3-1: Foul Ball, location: 2F
3-2: Foul Ball, location: 2F
3-2: SINGLE (Line Drive, 4D)
Batting: LHB Phil Minor 0-0: Ball
1-0: Ball
2-0: Called Strike
2-1: Fly out, F8 (Flyball, 8RXD)
Batting: RHB Richard Cutshall 0-0: Called Strike
0-1: SINGLE (Flyball, 9S)
Mitchell Cusimano to second
Runner from 2nd tries for 3rd, SAFE, no throw
Batting: RHB Jesús Ruano 0-0: Called Strike
0-1: 3-RUN HOME RUN (Flyball, 78XD), Distance : 416 ft
Batting: LHB José Vázquez 0-0: Ball
1-0: Ball
2-0: Called Strike
2-1: Swinging Strike
2-2: SINGLE (Groundball, 56D)
Batting: RHB Simone Catalani 0-0: Called Strike
0-1: Fly out, F3 (Popup, 3SF)
Batting: RHB Nick Hoskins 0-0: Ball
1-0: Called Strike
1-1: Called Strike
1-2: Ball
2-2: Foul Ball, location: 2F
2-2: Fielders Choice at 2nd, 6-4 (Groundball, 6)
Top of the 4th over - 3 runs, 4 hits, 0 errors, 1 left on base; Westwood 4 - Durham 2
BOTTOM OF THE 4TH
Durham Rapiers batting - Pitching for Westwood Sixshooters : RHP Masaharu Sakata
Batting: RHB Dave Sienna 0-0: Ball
1-0: Foul Ball, location: 2F
1-1: Ground out 6-3 (Groundball, 6)
Batting: RHB Armando Chamú 0-0: Called Strike
0-1: Fly out, F8 (Flyball, 8LM)
Batting: RHB Vincent Klein 0-0: Ball
1-0: Ground out 5-3 (Groundball, 56S)
Bottom of the 4th over - 0 runs, 0 hits, 0 errors, 0 left on base; Westwood 4 - Durham 2
TOP OF THE 5TH
Westwood Sixshooters batting - Pitching for Durham Rapiers : RHP Gojong Joseon
Batting: SHB Jesús Rodríguez 0-0: Ball
1-0: Ball
2-0: Ball
3-0: Called Strike
3-1: Base on Balls
Pitching: RHP Cecil Beijeman
Batting: SHB Manny Flores 0-0: Bunted foul
0-1: Sac Bunt - play at first, batter OUT! 1-4
Jesús Rodríguez to second
Batting: LHB Mitchell Cusimano 0-0: Foul Ball, location: 2F
0-1: Fly out, F5 (Popup, 5SF)
Batting: LHB Phil Minor 0-0: Ball
1-0: Ball
2-0: Ground out U3 (Groundball, 3)
Top of the 5th over - 0 runs, 0 hits, 0 errors, 1 left on base; Westwood 4 - Durham 2
BOTTOM OF THE 5TH
Durham Rapiers batting - Pitching for Westwood Sixshooters : RHP Masaharu Sakata
Batting: RHB Tomás Costello 0-0: Called Strike
0-1: Foul Ball, location: 2F
0-2: SINGLE (Groundball, 6D)
Batting: RHB Raúl Moreno 0-0: Fly out, F7 (Flyball, 7D)
Batting: RHB Yoshi Kouda 0-0: Called Strike
0-1: Ball
1-1: Ball
2-1: Foul Ball, location: 2F
2-2: Ball
3-2: Foul Ball, location: 2F
3-2: Foul Ball, location: 2F
3-2: Foul Ball, location: 2F
3-2: Base on Balls
Tomás Costello to second
Batting: RHB Lu-fang Koo 0-0: Ball
1-0: Ground out 5-3 (Groundball, 56S)
Tomás Costello to third
Yoshi Kouda to second
Batting: LHB Alberto Garza 0-0: Ball
1-0: SINGLE (Flyball, 9S)
Tomás Costello scores
Yoshi Kouda to third
Runner from 3rd tries for Home, SAFE, no throw
Batting: SHB Anthony Hopkins 0-0: Called Strike
0-1: Ball
1-1: SINGLE (Groundball, 34) (infield hit)
Alberto Garza to second
Batting: RHB Dave Sienna 0-0: Ball
1-0: Ball
2-0: Called Strike
2-1: Swinging Strike
2-2: SINGLE (Line Drive, 8LS)
Alberto Garza to third
Anthony Hopkins to second
Runner from 3rd tries for Home, SAFE, no throw
Batting: RHB Armando Chamú 0-0: Fly out, F8 (Flyball, 8LM)
Bottom of the 5th over - 3 runs, 4 hits, 0 errors, 2 left on base; Westwood 4 - Durham 5
TOP OF THE 6TH
Westwood Sixshooters batting - Pitching for Durham Rapiers : RHP Cecil Beijeman
Batting: RHB Richard Cutshall 0-0: Called Strike
0-1: Ball
1-1: Ball
2-1: Foul Ball, location: 2F
2-2: Foul Ball, location: 2F
2-2: Ball
3-2: Strikes out swinging
Batting: RHB Jesús Ruano 0-0: Ball
1-0: Ball
2-0: Ball
3-0: Base on Balls
Batting: LHB José Vázquez 0-0: Ball
Pickoff Throw to First - Error! E1
Jesús Ruano to second
1-0: Called Strike
1-1: Ball
2-1: Foul Ball, location: 2F
2-2: Strikes out looking
Batting: RHB Simone Catalani 0-0: Swinging Strike
0-1: Ball
1-1: Ball
2-1: Foul Ball, location: 2F
2-2: Strikes out swinging
Top of the 6th over - 0 runs, 0 hits, 1 error, 1 left on base; Westwood 4 - Durham 5
BOTTOM OF THE 6TH
Durham Rapiers batting - Pitching for Westwood Sixshooters : RHP Masaharu Sakata
Batting: RHB Vincent Klein 0-0: Ball
1-0: Ball
2-0: Foul Ball, location: 2F
2-1: Ball
3-1: DOUBLE (Line Drive, 7LM)
Batting: RHB Tomás Costello 0-0: Called Strike
0-1: Ground out U3 (Groundball, 3S)
Vincent Klein to third
Batting: RHB Raúl Moreno 0-0: Ball
1-0: Ball
2-0: Called Strike
2-1: Ball
3-1: Base on Balls
Batting: RHB Yoshi Kouda 0-0: Ball
1-0: Ball
2-0: Ball
3-0: Base on Balls
Raúl Moreno to second
Batting: RHB Lu-fang Koo 0-0: Ball
Wild Pitch!
Vincent Klein scores
Raúl Moreno to third
Yoshi Kouda to second
1-0: Ball
2-0: Foul Ball, location: 2F
2-1: Ball
3-1: Ground out 6-3 (Groundball, 6)
Batting: LHB Alberto Garza 0-0: Called Strike
0-1: DOUBLE (Line Drive, 7LM)
Raúl Moreno scores
Yoshi Kouda scores
Pitching: RHP Alfonso Santa Maria
Batting: SHB Anthony Hopkins 0-0: Ball
1-0: Ball
2-0: Ball
3-0: Called Strike
3-1: Foul Ball, location: 2F
3-2: Foul Ball, location: 2F
3-2: SINGLE (Flyball, 7S)
Alberto Garza to third
Alberto Garza scores
Batting: RHB Dave Sienna 0-0: Called Strike
0-1: Foul Ball, location: 2F
0-2: Fly out, F8 (Flyball, 8RXD)
Bottom of the 6th over - 4 runs, 3 hits, 0 errors, 1 left on base; Westwood 4 - Durham 9
TOP OF THE 7TH
Westwood Sixshooters batting - Pitching for Durham Rapiers : RHP Cecil Beijeman
Batting: RHB Nick Hoskins 0-0: Ball
1-0: SINGLE (Groundball, 34D)
Batting: SHB Jesús Rodríguez 0-0: Foul Ball, location: 2F
0-1: Ball
1-1: Ball
Wild Pitch!
Nick Hoskins to second
2-1: Foul Ball, location: 2F
2-2: Ball
3-2: Base on Balls
Batting: SHB Manny Flores 0-0: Called Strike
0-1: Ball
1-1: Fielders Choice at 2nd, 3-6 (Groundball, 3)
Nick Hoskins to third
Batting: LHB Mitchell Cusimano 0-0: Foul Ball, location: 2F
0-1: Ball
1-1: Ball
2-1: Called Strike
2-2: SINGLE (Line Drive, 4)
Nick Hoskins scores
Manny Flores to second
Batting: LHB Phil Minor 0-0: Called Strike
0-1: Ball
1-1: Fly out, F9 (Flyball, 9S)
Batting: RHB Richard Cutshall 0-0: Swinging Strike
0-1: Ball
1-1: Foul Ball, location: 2F
1-2: Ball
Wild Pitch!
Manny Flores to third
Mitchell Cusimano to second
2-2: Ball
3-2: Foul Ball, location: 2F
3-2: SINGLE (Groundball, 34D)
Manny Flores scores
Mitchell Cusimano to third
Mitchell Cusimano scores
Batting: RHB Jesús Ruano 0-0: Ball
Richard Cutshall steals 2nd base
1-0: Called Strike
1-1: Foul Ball, location: 2F
1-2: Foul Ball, location: 2F
1-2: Ball
2-2: Ball
3-2: SINGLE (Line Drive, 6D)
Richard Cutshall to third
Richard Cutshall scores
Pitching: LHP Bill Minor
Pinch Hitting: RHB Steve Bock 0-0: Ball
Jesús Ruano is caught stealing 2nd base
Top of the 7th over - 4 runs, 4 hits, 0 errors, 0 left on base; Westwood 8 - Durham 9
BOTTOM OF THE 7TH
Durham Rapiers batting - Pitching for Westwood Sixshooters : RHP Alfonso Santa Maria
Now at SS: Steve Bock
Batting: RHB Armando Chamú 0-0: Foul Ball, location: 2F
0-1: Called Strike
0-2: Foul Ball, location: 2F
0-2: Ball
1-2: Ball
2-2: Strikes out looking
Batting: RHB Vincent Klein 0-0: Ball
1-0: Called Strike
1-1: Called Strike
1-2: Ball
2-2: Ball
3-2: Foul Ball, location: 2F
3-2: Ground out 6-3 (Groundball, 6)
Batting: RHB Tomás Costello 0-0: Ball
1-0: Ball
2-0: Ball
3-0: Base on Balls
Batting: RHB Raúl Moreno 0-0: Called Strike
Tomás Costello steals 2nd base
0-1: Ball
1-1: Ball
2-1: Foul Ball, location: 2F
2-2: Ball
3-2: Base on Balls
Pinch Hitting: RHB Carlos Evangelho 0-0: Swinging Strike
0-1: Ball
1-1: Fielders Choice at 2nd, 6-4 (Groundball, 6)
Bottom of the 7th over - 0 runs, 0 hits, 0 errors, 2 left on base; Westwood 8 - Durham 9
TOP OF THE 8TH
Westwood Sixshooters batting - Pitching for Durham Rapiers : LHP Bill Minor
Now at 1B: Ignacio Hernández
Now in LF: Cash Masters
Batting: RHB Steve Bock 0-0: Ball
1-0: Foul Ball, location: 2F
1-1: TRIPLE (Flyball, 89XD)
Pitching: RHP Francisco Rivera
Batting: RHB Simone Catalani 0-0: Ball
1-0: Swinging Strike
1-1: Ball
2-1: Foul Ball, location: 2F
2-2: Foul Ball, location: 2F
2-2: Ball
3-2: SINGLE (Groundball, 6D)
Steve Bock scores
Batting: RHB Nick Hoskins 0-0: Sac Bunt - play at first, batter OUT! 1-4
Simone Catalani to second
Batting: SHB Jesús Rodríguez 0-0: Intentional Walk
Batting: SHB Manny Flores 0-0: Called Strike
Simone Catalani steals 3rd base
Jesús Rodríguez to second
0-1: Ball
1-1: Ground out U3 (Groundball, 34)
Batting: LHB Mitchell Cusimano 0-0: Ball
1-0: Called Strike
1-1: Ball
2-1: Swinging Strike
2-2: Ball
3-2: Foul Ball, location: 2F
3-2: Base on Balls
Batting: LHB Phil Minor 0-0: Called Strike
0-1: Called Strike
0-2: Foul Ball, location: 2F
0-2: Ball
1-2: Ball
2-2: SINGLE (Line Drive, 8RS)
Simone Catalani scores
Jesús Rodríguez to third
Mitchell Cusimano to second
Batting: RHB Richard Cutshall 0-0: SINGLE (Groundball, 34D)
Jesús Rodríguez scores
Mitchell Cusimano to third
Phil Minor to second
Runner from 3rd tries for Home, SAFE, no throw
Batting: RHB Jesús Ruano 0-0: Swinging Strike
0-1: Foul Ball, location: 2F
0-2: Strikes out swinging
Top of the 8th over - 4 runs, 4 hits, 0 errors, 2 left on base; Westwood 12 - Durham 9
BOTTOM OF THE 8TH
Durham Rapiers batting - Pitching for Westwood Sixshooters : RHP Alfonso Santa Maria
Batting: RHB Lu-fang Koo 0-0: Called Strike
0-1: Ball
1-1: Ball
2-1: Foul Ball, location: 2F
2-2: Foul Ball, location: 2F
2-2: Foul Ball, location: 2F
2-2: Fly out, F8 (Flyball, 8RM)
Batting: LHB Alberto Garza 0-0: Ball
1-0: Ball
2-0: Called Strike
2-1: Fly out, F5 (Popup, 56S)
Batting: SHB Anthony Hopkins 0-0: Ball
1-0: Ball
2-0: Ball
3-0: Called Strike
3-1: SINGLE (Groundball, 4MD)
Pitching: RHP Jin Kwon
Batting: RHB Dave Sienna 0-0: Foul Ball, location: 2F
0-1: Ball
1-1: Swinging Strike
1-2: Strikes out swinging
Bottom of the 8th over - 0 runs, 1 hit, 0 errors, 1 left on base; Westwood 12 - Durham 9
TOP OF THE 9TH
Westwood Sixshooters batting - Pitching for Durham Rapiers : RHP Francisco Rivera
Pitching: RHP Quinton Richards
Batting: RHB Steve Bock 0-0: Foul Ball, location: 2F
0-1: Ball
1-1: Swinging Strike
1-2: Foul Ball, location: 2F
1-2: Strikes out swinging
Batting: RHB Simone Catalani 0-0: Called Strike
0-1: Ball
1-1: Ball
2-1: Foul Ball, location: 2F
2-2: Ground out 1-3 (Groundball, 13)
Batting: RHB Nick Hoskins 0-0: Foul Ball, location: 2F
0-1: Foul Ball, location: 2F
0-2: Ball
1-2: Strikes out looking
Top of the 9th over - 0 runs, 0 hits, 0 errors, 0 left on base; Westwood 12 - Durham 9
BOTTOM OF THE 9TH
Durham Rapiers batting - Pitching for Westwood Sixshooters : RHP Jin Kwon
Batting: RHB Armando Chamú 0-0: Ball
1-0: Swinging Strike
1-1: Called Strike
1-2: Ball
2-2: Fly out, F8 (Flyball, 8LM)
Batting: RHB Ignacio Hernández 0-0: Ball
1-0: Fly out, F9 (Flyball, 9LS)
Batting: RHB Tomás Costello 0-0: Ground out 6-3 (Groundball, 6)
Bottom of the 9th over - 0 runs, 0 hits, 0 errors, 0 left on base; Westwood 12 - Durham 9
Sunday, March 18th, 2018 - OOTP Baseball 18.8 Build 76